 Dungeon Crawl Stone Soup version 0.29.1-14-g9c671dbff4 (webtiles) character file.

Game seed: 10816537772265891413

32 raph the Stinger (level 3, 0/24 HPs)
             Began as a Merfolk Venom Mage on Feb 15, 2023.
             Slain by an adder (1 damage)
             ... on level 2 of the Dungeon.
             The game lasted 00:02:30 (2268 turns).

raph the Stinger (Merfolk Venom Mage)               Turns: 2268, Time: 00:02:30

Health: 0/24       AC:  2    Str:  8    XL:     3   Next: 27%
Magic:  2/6        EV: 12    Int: 16    God:
Gold:   68         SH:  0    Dex: 14    Spells: 0/6 levels left

rFire   . . .      SeeInvis .   e - +0 spear
rCold   . . .      Faith    .   (no shield)
rNeg    . . .      Spirit   .   a - +0 robe
rPois   .          Reflect  .   (no helmet)
rElec   .          Harm     .   (no cloak)
rCorr   .          Rampage  .   (no gloves)
Will    .....                   (no boots)
Stlth   ++........              (no amulet)
HPRegen 0.08/turn               (no ring)
MPRegen 0.10/turn               (no ring)

@: attractive
A: (nimble swimmer 2), mertail
a: no special abilities


You were on level 2 of the Dungeon.
You visited 1 branch of the dungeon, and saw 2 of its levels.

You collected 68 gold pieces.

Inventory:

Hand Weapons
 e - a +0 spear (weapon)
Missiles
 f - 6 boomerangs
Armour
 a - a +0 robe (worn)
Jewellery
 m - the amulet of Elemental Vulnerability {rPois rF-- rC-- AC+8}
   (You found it on level 2 of the Dungeon)

   [amulet of nothing]

   AC:        It affects your AC (+8).
   rF:        It makes you very vulnerable to fire.
   rC:        It makes you very vulnerable to cold.
   rPois:     It protects you from poison.
Scrolls
 h - 3 scrolls of identify {unknown}
 j - a scroll of silence {unknown}
 n - a scroll of amnesia {unknown}
Potions
 b - a potion of magic
 c - a potion of brilliance {unknown}
 d - a potion of attraction
 g - a potion of ambrosia {unknown}
 i - a potion of curing {unknown}
 k - a potion of degeneration {unknown}
 l - a potion of mutation {unknown}


   Skills:
 - Level 2.6 Dodging
 - Level 2.1 Stealth
 - Level 2.0 Spellcasting
 - Level 1.3 Transmutations
 + Level 4.7 Poison Magic


You couldn't memorise any spells.
You knew the following spells:

 Your Spells              Type           Power      Damage    Failure   Level
a - Sting                 Tmut/Pois      44%        1d5       6%          1
b - Poisonous Vapours     Pois/Air       18%        N/A       12%         2
c - Mephitic Cloud        Conj/Pois/Air  6%         N/A       32%         3

Your spell library contained the following spells:

 Spells                   Type           Power      Damage    Failure   Level
 Olgreb's Toxic Radiance  Pois           16%        N/A       28%         4


Dungeon Overview and Level Annotations

Branches:
Dungeon (2/15)

Altars:

Annotations:
D:2 Sigmund


Innate Abilities, Weirdness & Mutations

((You are very nimble when in or above water. (Stealth+, EV+, Speed+++)))
Your lower body shifts to a powerful aquatic tail in water.


Message History

The adder attacks as you move away! The adder closely misses you.
The bat hits you but does no damage. The bat hits you.
The bat hits you but does no damage. The adder barely misses you.
The adder attacks as you move away! The adder barely misses you.
The bat hits you but does no damage.
Things that are here:
a +0 whip; a kobold skeleton The adder attacks as you move away!
The adder barely misses you. The bat attacks as you move away!
The bat barely misses you. The bat hits you but does no damage.
The adder barely misses you. The bat hits you.
The bat attacks as you move away! The bat hits you but does no damage.
The bat barely misses you. The adder bites you.
You are poisoned.
The adder poisons you!
You feel sick. The bat completely misses you.
The adder attacks as you move away! The adder completely misses you.
The bat attacks as you move away! The bat hits you but does no damage.
You feel sick. The bat closely misses you. The adder attacks as you move away!
The adder bites you.
* * * LOW HITPOINT WARNING * * *
You feel sick. The bat barely misses you.
You feel sick. The bat barely misses you. The adder barely misses you.
The adder bites you but does no damage. The adder attacks as you move away!
The adder barely misses you.
You feel sick.
You are no longer poisoned.
The bat barely misses you.
It was a potion of attraction.
You feel attractive to monsters. The bat barely misses you.
The adder closely misses you. Something is attracted toward you.
The bat completely misses you. The adder closely misses you.
The orc hits you with a +0 club.
* * * LOW HITPOINT WARNING * * *
The orc is attracted toward you. The bat attacks as you move away!
The bat hits you.
* * * LOW HITPOINT WARNING * * *
The adder attacks as you move away! The adder bites you.
You die...

...... #.........# ..####
#.........# #.........#
#.........# ### ###
#...§.....###.#########.#
#.........'...#8.#..#...#
##......§.###.#8.'..#...#
#.......bo....#8.#..#8#.#
#.......S@.#..####.####.#
#.######.#.#<.#.......#.#
######.# #.#............#.#
#......# #.####.######..#.#
#.###### #......#..._#.#..#
#.################.##'###.#..#
#..................#......#..#
#################..#.....#...##
#.(#######....#


You could see an adder, an orc and a bat.

Vanquished Creatures
  A dart slug (D:1)
  3 bats (D:1)
  2 endoplasms
  2 giant cockroaches
  3 goblins (D:1)
  4 hobgoblins
  2 quokkas
  6 ball pythons
  A frilled lizard (D:1)
  A kobold (D:2)
  2 rats (D:1)
27 creatures vanquished.

Notes
Turn   | Place    | Note
-------+----------+-------------------------------------------
     0 | D:1      | raph the Merfolk Venom Mage began the quest for the Orb.
     0 | D:1      | Reached XP level 1. HP: 13/13 MP: 3/3
   589 | D:1      | Reached skill level 4 in Poison Magic
   589 | D:1      | Reached XP level 2. HP: 19/19 MP: 1/5
   635 | D:1      | Learned a level 2 spell: Poisonous Vapours
  1545 | D:2      | Reached XP level 3. HP: 24/24 MP: 0/6
  1549 | D:2      | Learned a level 3 spell: Mephitic Cloud
  1637 | D:2      | Found the amulet of Elemental Vulnerability {rPois rF--
                  | rC-- AC+8}
  1661 | D:2      | Found a faded altar of an unknown god.
  2224 | D:2      | Noticed Sigmund
  2268 | D:2      | HP: 1/24 [bat (1)]
  2268 | D:2      | Slain by an adder

Illustrated notes

Levels and vault maps discovered:
D:1:      dpeg_arrival_renting, layout_basic, st_stairs_4, minmay_liquid_box,
          supply_closet_lemuel
D:2:      layout_basic, shapermc_ecumenical_altar_mp_vishouse, uniq_sigmund,
          uniq_natasha

Skill      XL: |  1 |
---------------+----+-----
Poison Magic   | 4 |  4.7
Dodging        | |  2.6
Stealth        | |  2.1
Spellcasting   | |  2.0
Transmutations | |  1.3

Action                   || total
-------------------------++-------
Melee: Spear             ||    28
 Cast: Sting             ||    27
       Poisonous Vapours ||    14
  Use: Potion            ||     1
Armor: Robe              ||    25
Dodge: Dodged            ||    67
